 Dungeon Crawl Stone Soup version 0.31-a0-986-g5e6e4ef867 (webtiles) character file.

Game seed: 389441035909465053

4 croobank the Sneak (level 1, -1/18 HPs)
             Began as a Demigod Delver on Nov 4, 2023.
             Slain by an adder (3 damage)
             ... on level 3 of the Dungeon.
             The game lasted 00:02:43 (452 turns).

croobank the Sneak (Demigod Delver)                  Turns: 452, Time: 00:02:43

Health: -1/18      AC:  3    Str: 13    XL:     1   Next: 46%
Magic:  3/3        EV: 12    Int: 12    God:
Gold:   51         SH:  0    Dex: 15    Spells: 0/0 levels left

rFire   . . .        a - +0 short sword
rCold   . . .        (no shield)
rNeg    . . .        b - +0 leather armour
rPois   .            (no helmet)
rElec   .            (no cloak)
rCorr   .            (no gloves)
SInv    .            (no boots)
Will    .....        (no amulet)
Stlth   +++          (no ring)
HPRegen 0.23/turn    (no ring)
MPRegen 0.08/turn

%: no passive effects
@: lethally poisoned (-1 -> -2), hasted, very quick
A: high MP 1, forlorn, divine attributes
a: no special abilities


You were on level 3 of the Dungeon.
You visited 1 branch of the dungeon, and saw 4 of its levels.

You collected 51 gold pieces.

Inventory:

Hand Weapons
 a - a +0 short sword (weapon)
 h - a +0 long sword
Armour
 b - a +0 leather armour (worn)
 d - a +0 ring mail
Wands
 g - a wand of digging (3)
Scrolls
 c - 2 scrolls of fog
 e - 3 scrolls of enchant armour {unknown}
 i - a scroll of brand weapon {unknown}
 j - a scroll of acquirement {unknown}


   Skills:
 + Level 2.7 Fighting
 + Level 1.9 Short Blades
 + Level 1.9 Dodging
 + Level 4.5 Stealth


You couldn't memorise any spells.
You didn't know any spells.
Your spell library was empty.

Dungeon Overview and Level Annotations

Branches:
Dungeon (6/15)
 Temple: D:4-7

Annotations:
D:5 Sigmund


Innate Abilities, Weirdness & Mutations

You have an increased reservoir of magic. (+10% MP)
You shall have no god before yourself.
Your divine heritage dramatically boosts your attributes as you level up.


Message History

You see here a ball python corpse.
An adder comes into view.
The adder attacks as it pursues you! The adder barely misses you.
The adder attacks as it pursues you! The adder barely misses you.
You closely miss the adder. The adder bites you.
You are poisoned.
The adder poisons you!
Okay, then.
You miss the adder.
You feel sick. The adder barely misses you.
You barely miss the adder.
You feel sick. The adder misses you. The adder barely misses you.
You closely miss the adder.
You feel sick. The adder bites you but does no damage.
You hit the adder.
The adder is heavily wounded.
You feel sick. The adder bites you.
You barely miss the adder.
The adder is heavily wounded.
You feel sick.
You are no longer poisoned.
The adder bites you.
You closely miss the adder.
The adder is heavily wounded.
You hear the slow rusting of a very distant drain.
The adder bites you.
You hit the adder but do no damage.
The adder is heavily wounded.
The adder bites you.
You are poisoned.
The adder poisons you! The adder bites you but does no damage.
You feel yourself speed up.
* * * LOW HITPOINT WARNING * * *
You feel sick. The adder closely misses you.
* * * LOW HITPOINT WARNING * * *
You feel sick.
You hit the adder but do no damage.
The adder is heavily wounded.
* * * LOW HITPOINT WARNING * * *
You feel sick. The adder bites you.
You die...

..♣♣
#.....######..........
...♣
#.....##...†.#........
.♣.♣
#..)..##.######.......
♣♣♣♣ #######.....##.#
#....... ♣
#...........##.#
#.......
♣♣♣♣♣#...........##.#
#.......
#............###.##.#
###+####
.............#..S##.#
################@##.#
#........# #.....####
####.....#
#.....†^.#####
#............#
#....##......#
#....##......#
#....##......#


You could see an adder.

Vanquished Creatures
  A ball python (D:3)
  A giant cockroach (D:3)
  A jackal (D:3)
  A rat (D:3)
4 creatures vanquished.

Notes
Turn   | Place    | Note
-------+----------+-------------------------------------------
     0 | D:5      | croobank the Demigod Delver began the quest for the Orb.
     0 | D:5      | Reached XP level 1. HP: 18/18 MP: 3/3
    12 | D:5      | Noticed Sigmund
    46 | D:6      | Noticed a hound
    46 | D:6      | Noticed an orc warrior
    46 | D:6      | Noticed an ogre
    46 | D:6      | Noticed a green ugly thing
   135 | D:6      | Noticed an ice beast
   141 | D:6      | Noticed an orc wizard
   141 | D:6      | Noticed an orc priest
   143 | D:5      | Noticed an orc priest
   452 | D:3      | Slain by an adder

Illustrated notes

Levels and vault maps discovered:
D:3:      layout_basic, fedhas_altar_fruit_tree, portal_sewer_entry_b,
          kennysheep_flooded_box, minmay_misc_feat_nine_boxes
D:4:      cheibrodos_greedy_goblins, layout_basic, fiery_altar_vehumet,
          uniq_crazy_yiuf_cottage, uniq_robin
D:5:      old_forge, layout_basic, dreamdust_mushroom_princess, uniq_sigmund
D:6:      layout_loops_ring, minmay_chambers_of_fives, uniq_prince_ribbit1

Action                     || total
---------------------------++-------
  Melee: Short sword       ||    44
    Use: Scroll            ||     2
         Potion            ||     1
   Stab: Sleeping          ||     1
 Armour: Leather armour    ||    22
  Dodge: Dodged            ||    28

Table legend: (Time is in decaauts)
 A = Elapsed time spent in this place.
 B = Non-inter-level travel time spent in this place.
 C = Inter-level travel time spent in this place.
 D = Time resting spent in this place.
 E = Time spent auto-exploring this place.
 F = Levels seen in this place.
 G = Mean time per level.
                   A        B        C        D        E       F      G
               +--------+--------+--------+--------+--------+-----+--------+
         Total |    446 |    437 |      9 |     67 |    103 |   4 |  111.5 |
       Dungeon |    446 |    437 |      9 |     67 |    103 |   4 |  111.5 |
               +--------+--------+--------+--------+--------+-----+--------+

Top non-repeatable levels by time:
     D:3: 205 daAuts
     D:6: 126 daAuts
     D:4: 75 daAuts
     D:5: 38 daAuts
